 Dungeon Crawl Stone Soup version 0.31-a0-672-g7da72447bb (webtiles) character file.

Game seed: 3135763382132345533

134 ragingrage the Shooter (level 5, 0/34 HPs)
             Began as an Octopode Hunter on Sept 4, 2023.
             Slain by a gnoll sergeant
             ... wielding a +0 trident
              (13 damage)
             ... on level 3 of the Dungeon.
             The game lasted 00:02:43 (2066 turns).

ragingrage the Shooter (Octopode Hunter)            Turns: 2066, Time: 00:02:44

Health: 0/34       AC:  1    Str: 10    XL:     5   Next: 17%
Magic:  5/5        EV: 13    Int: 12    God:
Gold:   242        SH:  0    Dex: 17    Spells: 4/4 levels left

rFire   . . .        a - +0 shortbow
rCold   . . .        (shield currently unavailable)
rNeg    . . .        (helmet restricted)
rPois   .            (no amulet)
rElec   .            (no ring)
rCorr   .            (no ring)
SInv    .            (no ring)
Will    .....        (no ring)
Stlth   +++          (no ring)
HPRegen 0.25/turn    (no ring)
MPRegen 0.09/turn    (no ring)
                     (no ring)

%: no passive effects
@: no status effects
A: almost no armour, amphibious, 8 rings, camouflage 1, gelatinous body 1,
(nimble swimmer 1), tentacles
a: no special abilities


You were on level 3 of the Dungeon.
You visited 1 branch of the dungeon, and saw 3 of its levels.

You collected 242 gold pieces.

Inventory:

Hand Weapons
 a - a +0 shortbow (weapon)
Missiles
 g - 3 atropa-tipped darts
 h - 4 curare-tipped darts
Scrolls
 e - a scroll of identify {unknown}
Potions
 c - a potion of curing
 i - a potion of heal wounds {unknown}


   Skills:
 - Level 2.0 Fighting
 + Level 6.2 Ranged Weapons
 - Level 2.0 Dodging
 - Level 2.0 Stealth


You had 4 spell levels left.
You didn't know any spells.
Your spell library contained the following spells:

 Spells                   Type           Power      Damage    Failure   Level
 Poisonous Vapours        Pois/Air       0%         N/A       45%         2
 Mephitic Cloud           Conj/Pois/Air  0%         N/A       69%         3
 Stone Arrow              Conj/Erth      0%         3d7       69%         3
 Freezing Cloud           Conj/Ice/Air   0%         6-21      100%        5
 Lehudib's Crystal Spear  Conj/Erth      0%         10d2      100%        8
 Animate Armour           Summ/Erth      Unusable   N/A       N/A         4

Dungeon Overview and Level Annotations

Branches:
Dungeon (3/15)

Altars:


Innate Abilities, Weirdness & Mutations

You cannot wear most types of armour.
You are amphibious.
You can wear up to eight rings at the same time.
Your skin changes colour to match your surroundings (Stealth+).
Your rubbery body absorbs attacks. (AC +1, EV +1)
((You are camouflaged when in or above water. (Stealth+)))
You have tentacles for arms and can constrict up to eight enemies at once.


Message History

No target in view!
No target in view!
You now have 242 gold pieces (gained 1).
Things that are here:
a +0 whip; a gnoll corpse
There is a stone staircase leading down here.
There is a stone staircase leading down here.
Press: ? - help, v - describe, . - travel A stone staircase leading down.
You climb downwards.
The gnoll sergeant hits you with a +0 trident!
There is a stone staircase leading up here.
Unknown command.
As you read the scroll labelled YNUTYPAOHU, it crumbles to dust.
You feel strangely unstable.
It was a scroll of teleportation.
A gnoll comes into view. It is wielding a +0 club.
The gnoll sergeant hits you with a +0 trident!
The gnoll sergeant hits you from afar with a +0 trident.
Your surroundings seem slightly different.
The gnoll sergeant attacks as it pursues you!
The gnoll sergeant closely misses you.
As you read the scroll of butterflies, it crumbles to dust.
You hear the flapping of tiny wings.
The gnoll sergeant is knocked back by the sudden gust.
The gnoll hits your butterfly with a +0 club!
Your butterfly dies!
Your butterfly disappears in a burst of colours!
The gnoll sergeant hits your butterfly with a +0 trident!
Your butterfly dies!
Your butterfly disappears in a burst of colours!
The gnoll sergeant misses your butterfly.
The gnoll hits your butterfly with a +0 club.
Your butterfly dies!
Your butterfly disappears in a burst of colours!
The gnoll sergeant hits you from afar with a +0 trident.
There is a stone staircase leading up, spattered with blood here.
The gnoll barely misses your butterfly.
The gnoll sergeant hits you from afar with a +0 trident!
You die...

####### ##....b#######
.#######..gb@b.b....#
.........bbb.bbbbb..#
#..####...bbbbbb.bb.#
#####...#
#..bbb.b.b#####
.........##.bbgbbbb.#
#.............bbb.bb#
..........#...b.bb...#
..........#..........#
.....................#


You could see a gnoll sergeant (ally target) and a gnoll (ally target).

Vanquished Creatures
  6 gnolls
  An adder (D:2)
  2 worms (D:2)
  4 dart slugs
  3 ball pythons
  9 bats
  3 endoplasms
  5 goblins
  8 hobgoblins
  2 jackals (D:2)
  2 kobolds
  2 quokkas (D:1)
  5 frilled lizards
  2 rats
54 creatures vanquished.

Notes
Turn   | Place    | Note
-------+----------+-------------------------------------------
     0 | D:1      | ragingrage the Octopode Hunter began the quest for the Orb.
     0 | D:1      | Reached XP level 1. HP: 14/14 MP: 1/1
   158 | D:1      | Reached XP level 2. HP: 19/19 MP: 2/2
   723 | D:2      | Reached XP level 3. HP: 24/24 MP: 3/3
   773 | D:2      | Reached skill level 5 in Ranged Weapons
  1230 | D:2      | Identified the +0 helmet "Dati" {Will+ rCorr}
  1284 | D:2      | Reached XP level 4. HP: 29/29 MP: 4/4
  1898 | D:2      | Reached skill level 6 in Ranged Weapons
  2004 | D:3      | Noticed a gnoll sergeant
  2015 | D:3      | Reached XP level 5. HP: 34/34 MP: 5/5
  2066 | D:3      | Slain by a gnoll sergeant

Illustrated notes

Levels and vault maps discovered:
D:1:      mrwooster_arrival_arrow, layout_loops_ring
D:2:      layout_basic, corexii_hall_statues_i, st_stairs_6,
          minmay_gold_behind_fungi
D:3:      layout_rooms, grunt_gozag_breadcrumbs,
          mainiacjoe_overflow_surrounded_room

Skill      XL: |  1  2  3  4 |
---------------+-------------+-----
Stealth        | 2 |  2.0
Ranged Weapons | 5 6 |  6.2
Fighting       | |  2.0
Dodging        | |  2.0

Action                     |  1- 3 |  4- 6 || total
---------------------------+-------+-------++-------
   Fire: Shortbow          |   128 |    54 ||   182
    Use: Scroll            |       |     4 ||     4
         Potion            |       |     2 ||     2
 Armour: Skin              |    19 |    22 ||    41
  Dodge: Dodged            |    20 |    20 ||    40

Table legend: (Time is in decaauts)
 A = Elapsed time spent in this place.
 B = Non-inter-level travel time spent in this place.
 C = Inter-level travel time spent in this place.
 D = Time resting spent in this place.
 E = Time spent auto-exploring this place.
 F = Levels seen in this place.
 G = Mean time per level.
                   A        B        C        D        E       F      G
               +--------+--------+--------+--------+--------+-----+--------+
         Total |   2100 |   1950 |    150 |    439 |   1092 |   3 |  700.0 |
       Dungeon |   2100 |   1950 |    150 |    439 |   1092 |   3 |  700.0 |
               +--------+--------+--------+--------+--------+-----+--------+

Top non-repeatable levels by time:
     D:2: 1235 daAuts
     D:1: 726 daAuts
     D:3: 138 daAuts
